 Dungeon Crawl Stone Soup version 0.15.1-2-g8fbdab7 (webtiles) character file.

37 Hodglim the Firebug (level 3, 0/19 HPs)
             Began as a Deep Elf Fire Elementalist on Oct 2, 2014.
             Killed from afar by Ijyb (12 damage)
             ... with a wand of flame
             ... on Level 2 of the Dungeon.
             The game lasted 00:08:58 (1596 turns).

Hodglim the Firebug (Deep Elf Fire Elementalist)    Turns: 1596, Time: 00:08:58

HP   0/19        AC  2     Str  5      XL: 3   Next: 23%
MP  10/11        EV 13     Int 20      God:
Gold 55          SH  0     Dex 15      Spells:  1 memorised,  8 levels left

rFire  . . .     SeeInvis .     j - -3 dagger (curse)
rCold  . . .     Clarity  .     a - +0 robe
rNeg   . . .     rCorr    .     (no shield)
rPois  .         rRot     .     (no helmet)
rElec  .         Spirit   .     (no cloak)
SustAb .         Warding  .     (no gloves)
rMut   .         Stasis   .     (no boots)
Gourm  .                        (no amulet)
MR     .....                    (no ring)
                                (no ring)

@: not resistant to hostile enchantments, unstealthy
A: no striking features
a: no special abilities


You were on level 2 of the Dungeon.
You were not hungry.

You visited 1 branch of the dungeon, and saw 2 of its levels.

You collected 55 gold pieces.

Inventory:

Hand weapons
 d - a +0 dagger
 j - a cursed -3 dagger (weapon)
 m - a cursed -2 dagger
Armour
 a - a +0 robe (worn)
Comestibles
 c - a bread ration
 i - a meat ration
Scrolls
 f - a scroll of immolation {unknown}
 g - 3 scrolls of identify {unknown}
 h - 2 scrolls of teleportation {unknown}
 k - a scroll of enchant weapon {unknown}
 o - a scroll of recharging {unknown}
 q - a scroll of fog {unknown}
Potions
 e - a potion of flight {unknown}
 l - a potion of curing {unknown}
 n - a potion of agility {unknown}
 p - a potion of confusion {unknown}
Books
 b - a book of Flames

   Spells                             Type                      Level
   *Flame Tongue                      Conjuration/Fire             1
   Throw Flame                        Conjuration/Fire             2
   Conjure Flame                      Conjuration/Fire             3
   Inner Flame                        Hexes/Fire                   3
   Sticky Flame                       Conjuration/Fire             4
   Fireball                           Conjuration/Fire             5


   Skills:
 - Level 2.4 Dodging
 - Level 2.4 Stealth
 + Level 3.7 Spellcasting
 + Level 2.0 Conjurations
 + Level 4.0 Fire Magic


You had 8 spell levels left.
You knew the following spells:

 Your Spells              Type           Power        Failure   Level  Hunger
a - Flame Tongue          Conj/Fire      ###..        4%          1    None


Dungeon Overview and Level Annotations

Branches:
Dungeon (2/15)

Altars:

Annotations:
D:2 Ijyb


Message History

You start resting.
Magic restored.
Ijyb the Twisted Goblin comes into view.
Ijyb shouts!
Ijyb zaps a wand.
The puff of flame hits you! Ijyb screams, "Me stronger than you!"
Casting: Flame Tongue
Confirm with . or Enter, or press ? or * to list all spells.
You can't see any susceptible monsters within range! (Use Z to cast anyway.) Ijyb zaps a wand.
The puff of flame hits you!
Casting: Flame Tongue
Confirm with . or Enter, or press ? or * to list all spells.
Aiming: Flame Tongue
Press: ? - help, Shift-Dir - straight line, f - Ijyb
Aim: Ijyb carrying a wand of flame {zapped: 2} The flame tongue hits Ijyb.
Ijyb is moderately wounded.
Ijyb zaps a wand.
The puff of flame hits you!
Ouch! That really hurt!
You die...

#.......######
#.............
#.....(.###### #.
###.#..## #. #. #.##.#
###. ##.######
#.##.####...
##..g#...###.((.....(..
##.........##.###..#....
#.....>@................
#.......................
#.......(...............
##......................
##$..#.................
######................
#####...#.#......
#.........#######
#####...........#####


You could see Ijyb.

Vanquished Creatures
  A worm (D:2)
  An ooze (D:1)
  A ball python (D:1)
  A bat (D:1)
  2 giant cockroaches (D:1)
  6 goblins
  4 hobgoblins (D:1)
  2 giant newts
  6 kobolds
  5 rats
29 creatures vanquished.

Notes
Turn   | Place    | Note
--------------------------------------------------------------
     0 | D:1      | Hodglim, the Deep Elf Fire Elementalist, began the quest for the Orb.
     0 | D:1      | Reached XP level 1. HP: 10/10 MP: 5/5
   385 | D:1      | Reached XP level 2. HP: 15/15 MP: 4/8
  1359 | D:2      | Reached XP level 3. HP: 13/19 MP: 5/11
  1535 | D:2      | Reached skill level 4 in Fire Magic
  1592 | D:2      | Noticed Ijyb
  1596 | D:2      | Killed from afar by Ijyb

Action                   || total
-------------------------++-------
Melee: Unarmed           ||     2
       Dagger            ||     7
 Cast: Flame Tongue      ||    56
  Eat: Chunk             ||     2
